 Dungeon Crawl Stone Soup version 0.26-a0-835-g8259106e14 (webtiles) character file.

Game seed: 5680120728463284419

1098 RaHiT the Sneak (level 8, -2/52 HPs)
             Began as an Octopode Delver on Nov 17, 2020.
             Was a Believer of Cheibriados.
             Slain by a sky beast (6 damage)
             ... on level 6 of the Dungeon.
             The game lasted 00:31:59 (7000 turns).

RaHiT the Sneak (Octopode Delver)                   Turns: 7000, Time: 00:32:00

Health: -2/52      AC:  2    Str: 15    XL:     8   Next: 32%
Magic:  11/11      EV: 17    Int: 18    God:    Cheibriados [**....]
Gold:   343        SH:  0    Dex: 18    Spells: 11/11 levels left

rFire    . . .     SeeInvis .     - Unarmed
rCold    . . .     Faith    .   (no shield)
rNeg     . . .     Spirit   .   h - +1 hat
rPois    .         Reflect  .   (no amulet)
rElec    .         Harm     .   t - ring of flight
rCorr    .         Rampage  .   (no ring)
MR       .....                  (no ring)
Stlth    +++++.....             (no ring)
HPRegen  0.17/turn              (no ring)
MPRegen  0.12/turn              (no ring)
                                (no ring)
                                (no ring)

@: lethally poisoned (-2 -> -2), very slow
A: almost no armour, stealthy swim, amphibious, 8 rings, constrict 8, camouflage
1, gelatinous body 1
a: Bend Time, Renounce Religion, Evoke Flight


You were on level 6 of the Dungeon.
You worshipped Cheibriados.
Cheibriados was pleased with you.
You visited 2 branches of the dungeon, and saw 7 of its levels.
You also visited: Sewer.

You collected 343 gold pieces.

Inventory:

Missiles
 b - 281 stones
 s - a javelin (quivered)
Armour
 d - a +0 kite shield
 h - a +1 hat (worn)
 l - a +0 buckler
Jewellery
 t - a ring of flight (left tentacle)
Wands
 e - a wand of digging (3)
 i - a wand of polymorph (9)
 u - a wand of paralysis (8)
Scrolls
 a - 2 scrolls of fog
 c - a scroll of fear
 g - a scroll of noise {unknown}
 j - 6 scrolls of teleportation
 m - 2 scrolls of enchant weapon {unknown}
 n - 3 scrolls of remove curse {unknown}
 p - a scroll of random uselessness {unknown}
 r - 4 scrolls of magic mapping
 w - a scroll of enchant armour {unknown}
Potions
 f - 2 potions of cancellation
 k - 3 potions of flight
 o - 2 potions of attraction
 q - a potion of lignification
 v - a potion of magic
 x - a potion of curing {unknown}


   Skills:
 - Level 3.0 Fighting
 - Level 6.0 Dodging
 - Level 7.0 Stealth
 + Level 3.9 Shields
 - Level 6.0 Unarmed Combat
 - Level 2.0 Spellcasting


You had 11 spell levels left.
You didn't know any spells.
Your spell library was empty.

Dungeon Overview and Level Annotations

Branches:
Dungeon (6/15)             Temple (1/1) D:4           Sewer (visited)

Altars:
Ashenzari
Cheibriados
Fedhas
Gozag
Okawaru
Qazlal
Ru
Sif Muna
Trog
Uskayaw
Vehumet
Wu Jian
Xom
Yredelemnul
Zin

Annotations:
D:5 Sigmund


Innate Abilities, Weirdness & Mutations

You cannot wear most types of armour.
You are very stealthy in the water. (Stealth+)
You are amphibious.
You can wear up to eight rings at the same time.
You can use your tentacles to constrict eight enemies at once.
Your skin changes colour to match your surroundings (Stealth+).
Your rubbery body absorbs attacks. (AC +1, EV +1)


Message History

You bludgeon something! Your squeeze misses something. Something hits you.
Something shocks you.
You barely miss something. Something hits you. Something shocks you.
You barely miss something. Your squeeze misses something. Something hits you.
Something shocks you.
You closely miss something. Your squeeze misses something. Something hits you.
* * * LOW HITPOINT WARNING * * *
Something shocks you.
* * * LOW HITPOINT WARNING * * *
You closely miss something. Your squeeze misses something.
Something closely misses you.
You miss something.
A sky beast appears from thin air!
Reactivating autopickup.
The sky beast barely misses you.
You closely miss the sky beast.
The sky beast is almost dead.
You feel sick. The sky beast hits you.
* * * LOW HITPOINT WARNING * * *
The sky beast shocks you.
You die...

#.# ####### .....
#.# l.... #.#
####### ...... #.#
#...... ...... #.#
#.##### ......# #.#
#.# ....... #.# #.#
..!>...##########.#
#.#
......(†....Y@....#
#.#
......#############
#.# #.... #.# ####
###########.#####
#................
#...########.####
#.#.########.#
#.#....(.....#
#.############


You could see a sky beast.

Vanquished Creatures
  A black bear (D:4)
  2 centaurs (D:5)
  A big kobold (D:6)
  A bullfrog (D:6)
  3 scorpions
  A howler monkey (D:4)
  A hound (D:4)
  A jelly (D:6)
  Jessica (D:2)
  Terence (D:2)
  4 worker ants
  Robin (D:2)
  6 gnolls
  8 adders
  3 white imps
  2 ufetubi (D:6)
  An ooze (D:3)
  An adder skeleton (D:6)
  4 worms
  5 dart slugs
  6 leopard geckos
  10 orcs
  3 bats
  6 giant cockroaches (D:3)
  11 goblins
  6 hobgoblins
  16 jackals
  13 kobolds
  4 quokkas
  A ball python (D:2)
  3 frilled lizards
  A jackal skeleton (D:4)
  A leopard gecko skeleton (D:4)
  4 rats
133 creatures vanquished.

Vanquished Creatures (others)
  3 plants (D:2)
3 creatures vanquished.

Grand Total: 136 creatures vanquished

Notes
Turn   | Place    | Note
-------+----------+-------------------------------------------
     0 | D:5      | RaHiT the Octopode Delver began the quest for the Orb.
     0 | D:5      | Reached XP level 1. HP: 16/16 MP: 1/1
    28 | D:5      | Noticed Sigmund
    59 | D:5      | Noticed a centaur
   111 | D:4      | Noticed a scorpion
   125 | D:4      | Found a staircase to the Ecumenical Temple.
   126 | D:4      | Noticed a worker ant
   180 | D:3      | Found a glowing drain.
   200 | D:3      | Reached skill level 7 in Stealth
   208 | Sewer    | Entered a sewer
   226 | Sewer    | Reached XP level 2. HP: 13/21 MP: 2/2
   472 | Sewer    | Noticed a water moccasin
   900 | D:1      | Reached XP level 3. HP: 26/26 MP: 4/4
   973 | D:1      | Reached skill level 1 in Spellcasting
  1530 | D:2      | Noticed Jessica
  1533 | D:2      | Killed Jessica
  1534 | D:2      | Reached XP level 4. HP: 26/31 MP: 4/6
  1877 | D:2      | Noticed Terence
  1878 | D:2      | Found a sacrificial altar of Ru.
  1967 | D:2      | Found a snail-covered altar of Cheibriados.
  1979 | D:2      | Became a worshipper of Cheibriados the Contemplative
  2127 | D:2      | Reached XP level 5. HP: 36/36 MP: 8/8
  2157 | D:2      | Noticed Robin
  2160 | D:1      | HP: 1/36 [gnoll/+0 whip (6)]
  2629 | D:2      | Killed Robin
  2839 | D:2      | Killed Terence
  2840 | D:2      | Reached skill level 5 in Unarmed Combat
  2914 | D:2      | Reached * piety under Cheibriados
  3129 | D:3      | Reached XP level 6. HP: 42/42 MP: 9/9
  3545 | D:4      | Found a bloodstained altar of Trog.
  3884 | Temple   | Entered the Ecumenical Temple
  4788 | D:4      | Noticed a black bear
  4792 | D:4      | Killed a black bear
  4792 | D:4      | Reached ** piety under Cheibriados
  4793 | D:4      | Reached XP level 7. HP: 39/46 MP: 10/10
  5130 | D:5      | Noticed Eustachio
  5131 | D:5      | Noticed Eustachio
  5131 | D:5      | Eustachio changed into Eustachio the adder
  5137 | D:5      | Killed Eustachio the adder
  5312 | D:5      | Reached skill level 5 in Dodging
  5661 | D:6      | Found a broken altar of Ashenzari.
  6142 | D:6      | Reached skill level 1 in Shields
  6151 | D:6      | Reached XP level 8. HP: 45/52 MP: 11/11
  7000 | D:6      | Slain by a sky beast

Illustrated notes

Levels and vault maps discovered:
D:1:      dpeg_arrival_fog, layout_loops_ring, minmay_misc_feat_five,
          minmay_tiny_reverse_x
D:2:      layout_rooms, hangedman_ru_absence, kennysheep_slug_shrine,
          serial_bayou, serial_bayou_shore_b, serial_bayou_pond_a,
          serial_bayou_ford_a, serial_bayou_shore_b, uniq_jessica, uniq_terence,
          uniq_robin
D:3:      layout_rooms, portal_sewer_entry_f
D:4:      black_bear_nest_2, layout_layer_cave, bloody_trog,
          minmay_temple_entry_sparse_star
D:5:      layout_gridville, uniq_blork_the_orc, uniq_eustachio, uniq_sigmund,
          uniq_duvessa
D:6:      cheibrodos_thug_alley, layout_basic, lemuel_crystal_altar
Temple:   jpeg_temple_clearing

Skill      XL: |  1  2  3  4  5  6  7  8 |
---------------+-------------------------+-----
Stealth        | 7 |  7.0
Spellcasting   | 1 2 |  2.0
Unarmed Combat | 3 4 5 6 |  6.0
Dodging        | 3 6 |  6.0
Shields        | 1 3 |  3.9
Fighting       | |  3.0

Action                   |  1- 3 |  4- 6 |  7- 9 || total
-------------------------+-------+-------+-------++-------
Melee: Unarmed           |    50 |   195 |    90 ||   335
       Constrict         |    15 |    56 |    23 ||    94
       Tentacles         |    13 |    37 |    25 ||    75
       Punch             |     2 |     5 |     6 ||    13
Throw: Stone             |    16 |    50 |    22 ||    88
       Javelin           |       |     2 |    13 ||    15
Evoke: Wand              |       |       |     1 ||     1
  Use: Scroll            |     1 |     6 |     3 ||    10
       Potion            |     1 |       |     1 ||     2
 Stab: Sleeping          |     6 |     9 |     4 ||    19
Armor: Skin              |     4 |    16 |     3 ||    23
Dodge: Dodged            |    23 |   114 |    64 ||   201

Table legend: (Time is in decaauts)
 A = Elapsed time spent in this place.
 B = Non-inter-level travel time spent in this place.
 C = Inter-level travel time spent in this place.
 D = Time resting spent in this place.
 E = Time spent auto-exploring this place.
 F = Levels seen in this place.
 G = Mean time per level.
                   A        B        C        D        E       F      G
               +--------+--------+--------+--------+--------+-----+--------+
         Total |   8380 |   7948 |    432 |   1543 |   2301 |   8 | 1047.5 |
       Dungeon |   7892 |   7471 |    421 |   1368 |   2145 |   6 | 1315.3 |
        Temple |    169 |    158 |     11 |      0 |    156 |   1 |  169.0 |
         Sewer |    317 |    317 |      0 |    175 |      0 |   1 |  317.0 |
               +--------+--------+--------+--------+--------+-----+--------+

Top non-repeatable levels by time:
     D:4: 2016 daAuts
     D:6: 1776 daAuts
     D:1: 1260 daAuts
     D:2: 1166 daAuts
     D:5: 881 daAuts
     D:3: 791 daAuts
   Sewer: 317 daAuts
  Temple: 169 daAuts
